 Dungeon Crawl Stone Soup version 0.21-a0-2-ge494091 (webtiles) character file.

137 Lexie the Firebug (level 5, -1/31 HPs)
             Began as an Octopode Fire Elementalist on May 22, 2017.
             Killed from afar by an orc wizard (5 damage)
             ... with a puff of frost
             ... on level 3 of the Dungeon.
             The game lasted 00:03:18 (2913 turns).

Lexie the Firebug (Octopode Fire Elementalist)      Turns: 2913, Time: 00:03:19

Health: -1/31      AC:  1    Str:  7    XL:     5   Next: 20%
Magic:  4/9        EV: 13    Int: 18    God:
Gold:   113        SH:  0    Dex: 13    Spells: 7/10 levels left

rFire    . . .     SeeInvis .   o - +0 dagger
rCold    . . .     Gourm    .   (no shield)
rNeg     . . .     Faith    .   (helmet restricted)
rPois    .         Spirit   .   (no amulet)
rElec    .         Reflect  .   i - ring of wizardry
rCorr    .         Harm     .   (no ring)
MR       .....                  (no ring)
Stlth    +++.......             (no ring)
Regen    0.1/turn               (no ring)
MPRegen  0.2/turn               (no ring)
                                (no ring)
                                (no ring)

@: no status effects
A: almost no armour, stealthy swim, amphibious, 8 rings, constrict 8, camouflage
1, gelatinous body 1
a: no special abilities


You were on level 3 of the Dungeon.
You were not hungry.

You visited 1 branch of the dungeon, and saw 3 of its levels.

You collected 113 gold pieces.

Inventory:

Hand Weapons
 o - a +0 dagger (weapon)
Jewellery
 i - a ring of wizardry (left tentacle)
 r - an uncursed ring of protection from magic {unknown}
 u - an uncursed amulet of magic regeneration {unknown}
Wands
 m - a wand of random effects (26/48)
 n - a wand of random effects (25/48)
Scrolls
 e - 2 scrolls of enchant armour {unknown}
 f - 2 scrolls of identify {unknown}
 g - 2 scrolls of enchant weapon {unknown}
 k - a scroll of remove curse {unknown}
 s - a scroll of immolation {unknown}
 v - a scroll of teleportation {unknown}
Potions
 c - a potion of brilliance {unknown}
 h - a potion of curing {unknown}
 j - a potion of haste {unknown}
 t - a potion of mutation {unknown}
Books
 a - a book of Flames

   Spells                             Type                      Level
   a - Flame Tongue                   Conjuration/Fire             1
   b - Throw Flame                    Conjuration/Fire             2
   c - Conjure Flame                  Conjuration/Fire             3
   d - Inner Flame                    Hexes/Fire                   3
   e - Sticky Flame                   Conjuration/Fire             4
   f - Fireball                       Conjuration/Fire             5
Comestibles
 b - 2 bread rations
 d - a royal jelly
 l - a fruit
 p - a meat ration
 q - 2 chunks of flesh


   Skills:
 - Level 2.0 Dodging
 - Level 2.6 Stealth
 + Level 3.2 Spellcasting
 + Level 2.6 Conjurations
 + Level 4.1 Fire Magic


You had 7 spell levels left.
You knew the following spells:

 Your Spells              Type           Power        Failure   Level  Hunger
a - Flame Tongue          Conj/Fire      ###..        1%          1    None
b - Throw Flame           Conj/Fire      ###...       2%          2    ##.....


Dungeon Overview and Level Annotations

Branches:
Dungeon (3/15)

Altars:
Fedhas
Makhleb
Xom
Zin


Innate Abilities, Weirdness & Mutations

You cannot wear most types of armour.
You are very stealthy in the water. (Stealth+)
You are amphibious.
You can wear up to eight rings at the same time.
You can use your tentacles to constrict eight enemies at once.
Your skin changes colour to match your surroundings (Stealth+).
Your rubbery body absorbs attacks. (AC +1, EV +1)


Message History

Aim: an orc priest, wielding a flail and wearing a leather armour (heavily wounded, constricted by you)
The flame tongue hits the orc priest.
You kill the orc priest!
Your Fire Magic skill increases to level 4!
You have reached level 5!
You feel agile. The orc wizard completely misses you.
The orc wizard misses you.
Things that are here:
a flail; a leather armour The orc wizard points at you and mumbles some strange words.
The puff of flame misses you. The orc wizard hits you with a dagger.
* * * LOW HITPOINT WARNING * * *
The orc wizard hits you with a dagger.
* * * LOW HITPOINT WARNING * * *
There is an escape hatch in the ceiling here.
The orc wizard gestures at you while chanting.
The puff of frost hits you!
You die...

.........#########.........#
............... +?........#
...[.....#...### #.........#
...........[...###.........#
.............#.o..(........#
.............###############
...........o.# #............
...........o.# #.###########
#########..@.# #.#........#
#.........# #.#.######.#
#.###.....# #.#.#....#.#
###.....# #.#......#.#
#.....#####.###.####.#
#.....'.......#....#.#
#.....#####.#.####.#.##
#.รท...#####.#......#...
#........<#.##.....###.


You could see an orc wizard and an orc.

Vanquished Creatures
  An orc priest (D:3)
  4 adders
  A worm (D:2)
  2 dart slugs
  2 leopard geckos
  4 orcs (D:3)
  8 giant cockroaches
  6 goblins
  9 hobgoblins
  6 kobolds
  A quokka (D:2)
  6 bats
  7 frilled lizards
  3 rats
60 creatures vanquished.

Notes
Turn   | Place    | Note
-------+----------+-------------------------------------------
     0 | D:1      | Lexie the Octopode Fire Elementalist began the quest for the Orb.
     0 | D:1      | Reached XP level 1. HP: 11/11 MP: 3/3
   335 | D:1      | Reached XP level 2. HP: 17/17 MP: 1/5
  1501 | D:2      | Found a shimmering altar of Xom.
  1524 | D:2      | Reached XP level 3. HP: 16/21 MP: 3/6
  1613 | D:2      | Found a burning altar of Makhleb.
  1991 | D:2      | Found a blossoming altar of Fedhas.
  2244 | D:3      | Found a glowing silver altar of Zin.
  2335 | D:3      | Reached XP level 4. HP: 26/27 MP: 8/8
  2899 | D:3      | Learned a level 2 spell: Throw Flame
  2904 | D:3      | Reached skill level 4 in Fire Magic
  2904 | D:3      | Reached XP level 5. HP: 9/31 MP: 3/9
  2913 | D:3      | Killed from afar by an orc wizard

Vault maps used:
D:1:      minmay_arrival_four_loops
D:2:      xom_butterflies, old_standard_altar, fedhas_altar_3
D:3:      lemuel_crystal_altar, old_standard_altar, first_bread,
          minmay_quantized

Skill      XL: |  1  2  3  4 |
---------------+-------------+-----
Conjurations   | 2 |  2.6
Spellcasting   | 3 |  3.2
Fire Magic     | 4 |  4.1
Dodging        | |  2.0
Stealth        | |  2.6

Action                   |  1- 3 |  4- 6 || total
-------------------------+-------+-------++-------
Melee: Unarmed           |    23 |       ||    23
       Constrict         |     8 |     2 ||    10
       Tentacles         |     7 |     1 ||     8
       Dagger            |     9 |     7 ||    16
 Cast: Flame Tongue      |    59 |    37 ||    96
 Stab: Sleeping          |     3 |       ||     3
  Eat: Chunk             |     5 |     1 ||     6
Armor: Skin              |     7 |     2 ||     9
Dodge: Dodged            |    22 |    17 ||    39
